 Dungeon Crawl Stone Soup version 0.20-b1-18-gaa2fd62 (webtiles) character file.

23247 ChaseSP the Earth Mage (level 13, -3/72 HPs)
             Began as a Gargoyle Earth Elementalist on May 24, 2017.
             Was a High Priest of Sif Muna.
             Slain by an orc warlord
             ... wielding a +0 war axe
              (21 damage)
             ... in a bailey on May 25, 2017.
             The game lasted 00:51:23 (15823 turns).

ChaseSP the Earth Mage (GrEE)                      Turns: 15823, Time: 00:51:23

Health: -3/72      AC: 24    Str: 12    XL:     13   Next: 5%
Magic:  15/29      EV: 11    Int: 26    God:    Sif Muna [*****.]
Gold:   292        SH:  0    Dex:  6    Spells: 2/22 levels left

rFire    + + .     SeeInvis .   Z - +4 long sword (freeze)
rCold    + . .     Gourm    .   (no shield)
rNeg     + . .     Faith    .   m - +2 ring mail {rF+}
rPois    ∞         Spirit   .   r - +0 helmet
rElec    +         Reflect  .   U - scarf {rC+ rF+}
rCorr    .         Harm     .   p - +0 pair of gloves
MR       .....                  (no boots)
Stlth    +.........             (no amulet)
Regen    0.3/turn               N - +4 ring of protection
MPRegen  0.3/turn               j - ring of magical power

@: brilliant
A: claws 1, clumsy 2, negative energy resistance 1, electricity resistance,
unbreathing, petrification resistance, rot immunity, AC +9
a: Divine Energy, Channel Magic, Forget Spell, Renounce Religion


You were in a bailey.
You worshipped Sif Muna.
Sif Muna was extremely pleased with you.
You were near starving.

You visited 3 branches of the dungeon, and saw 16 of its levels.
You also visited: Sewer and Bailey.

You collected 1270 gold pieces.
You spent 978 gold pieces at shops.

Inventory:

Hand Weapons
 W - a +0 dagger
 Z - a +4 long sword of freezing (weapon)
Missiles
 b - 207 stones (quivered)
Armour
 m - a +2 ring mail of fire resistance (worn)
 p - a +0 pair of gloves (worn)
 r - a +0 helmet (worn)
 R - +5 pearl dragon scales
 U - a scarf of resistance (worn)
Magical Staves
 c - an uncursed staff of fire
Jewellery
 f - an uncursed ring of flight
 j - a ring of magical power (right hand)
 q - an uncursed ring of resist corrosion
 t - an uncursed ring of positive energy
 E - an uncursed ring of protection from magic
 J - an uncursed ring of wizardry
 N - a +4 ring of protection (left hand)
Wands
 h - a wand of random effects (20/48)
 B - a wand of confusion (16/48)
 F - a wand of iceblast (0/15)
 S - a wand of disintegration (6/24)
 X - a wand of lightning (0/15)
 Y - a wand of digging (24/24)
Scrolls
 g - 4 scrolls of remove curse
 u - 4 scrolls of immolation
 w - 2 scrolls of fog
 y - 2 scrolls of enchant weapon
 C - 4 scrolls of magic mapping
 G - a scroll of identify
 H - 7 scrolls of teleportation
 V - a scroll of recharging
Potions
 a - 8 potions of curing
 i - 4 potions of resistance
 l - 3 potions of cancellation
 o - a potion of berserk rage
 s - 4 potions of heal wounds
 v - a potion of invisibility
 D - a potion of might
 M - a potion of brilliance
 P - 2 potions of magic
 Q - 3 potions of agility
Books
 e - a book of Geomancy

   Spells                             Type                      Level
   a - Sandblast                      Earth                        1
   b - Passwall                       Transmutation/Earth          2
   c - Stone Arrow                    Conjuration/Earth            3
   d - Petrify                        Transmutation/Earth          4
   e - Lee's Rapid Deconstruction     Earth                        5
 k - a book of Misfortune

   Spells                             Type                      Level
   a - Confusing Touch                Hexes                        1
   b - Confuse                        Hexes                        3
   c - Gell's Gravitas                Translocation                3
   d - Petrify                        Transmutation/Earth          4
   e - Metabolic Englaciation         Hexes/Ice                    5
   f - Yara's Violent Unravelling     Hexes/Transmutation          5
 x - a book of Power

   Spells                             Type                      Level
   a - Iskenderun's Battlesphere      Conjuration/Charms           5
   b - Venom Bolt                     Conjuration/Poison           5
   c - Bolt of Magma                  Conjuration/Fire/Earth       5
   d - Iron Shot                      Conjuration/Earth            6
   e - Orb of Destruction             Conjuration                  7
   f - Spellforged Servitor           Conjuration/Summoning        7
Miscellaneous
 z - a phial of floods (inert)
Comestibles
 d - 12 bread rations
 n - 12 meat rations
 L - 9 royal jellies


   Skills:
 - Level 5.0 Fighting
 - Level 3.2 Long Blades
 + Level 8.6 Armour
 - Level 4.4 Dodging
 - Level 2.1 Stealth
 + Level 5.3 Spellcasting
 - Level 9.4 Conjurations
   Level 0.7 Transmutations
 * Level 7.2 Fire Magic
 + Level 15.3 Earth Magic
 + Level 4.0 Invocations


You had 2 spell levels left.
You knew the following spells:

 Your Spells              Type           Power        Failure   Level  Hunger
a - Sandblast             Erth           ######       1%          1    None
b - Stone Arrow           Conj/Erth      ######       1%          3    #......
c - Lee's Rapid Deconstr  Erth           #######...   1%          5    #####..
d - Bolt of Magma         Conj/Fire/Erth ######....   1%          5    #####..
e - Iron Shot             Conj/Erth      ######....   1%          6    ######.


Dungeon Overview and Level Annotations

Branches:
Dungeon (13/15)            Temple (1/1) D:7            Lair (0/6) D:11
    Orc (2/2) D:9
    Elf: Orc:2       Vaults: D:13-14

Altars:
Ashenzari
Cheibriados
Dithmenos
Elyvilon
Fedhas
Gozag
Hepliaklqana
Kikubaaqudgha
Makhleb
Nemelex Xobeh
Okawaru
Qazlal
Ru
Sif Muna
Trog
Uskayaw
Vehumet
Xom
Yredelemnul
Zin
The Shining One

Shops:
D:4 ?   D:5 [:   Orc:1 *


Innate Abilities, Weirdness & Mutations

You are resistant to torment.
Your stone body is resilient. (AC +9)
You are immune to poison.
You resist negative energy. (rN+)
You are resistant to electric shocks. (rElec)
You can survive without breathing.
You are immune to petrification.
You are immune to rotting.
You have sharp fingernails.
You are very clumsy. (Dex -4)


Message History

The stone arrow hits the orc warlord.
The orc warlord is severely wounded.
The orc warlord hits you with a war axe!
* * * LOW HITPOINT WARNING * * *
Casting: Stone Arrow
Confirm with . or Enter, or press ? or * to list all spells.
Aiming: Stone Arrow
Press: ? - help, Shift-Dir - straight line, f/p - orc warlord
Aim: an orc warlord, wielding a war axe and wearing a plate armour (severely wounded)
The stone arrow hits the orc warlord.
The orc warlord is almost dead.
Casting: Stone Arrow
Confirm with . or Enter, or press ? or * to list all spells.
Aiming: Stone Arrow
Press: ? - help, Shift-Dir - straight line, f/p - orc warlord
Aim: an orc warlord, wielding a war axe and wearing a plate armour (almost dead)
The stone arrow hits the orc warlord.
The orc warlord is almost dead.
The orc warlord hits you with a war axe!!
You die...

....#≈≈≈≈≈≈≈≈≈#)....##♣
..).#≈.8...8.≈#....##.♣
##'###.......###(###..♣♣
≈≈(#≈≈.8...8.≈ #.≈≈≈(..♣
≈≈)#≈......... #.≈≈≈...♣
≈≈(# ...∩.... #.≈≈≈...∩
≈≈.##.........##.≈≈≈(..♣
≈≈.#≈..8...8..≈#o≈≈≈...♣
##(#≈.........≈#@###..♣♣
...# =!8o..8![≈#...##.♣
...## ≈#####≈≈##....##♣
..(.####...####......#
..(((.................#
..8.............8..8..#
......................#
.....................##
..8...##'''##...8


You could see an orc warlord.

Vanquished Creatures
  The ghost of steakbbq the Severer, a journeyman MiFi of Makhleb (D:11)
  A hydra (D:12)
  3 two-headed ogres (D:11)
  The ghost of Yackwabbit the Basher, a novice FoFi of Okawaru (D:9)
  The ghost of Xelif the Grappler, a novice TrAs of Nemelex Xobeh (D:10)
  Nergalle (D:10)
  Pikel (D:8)
  4 cyclopes
  3 ugly things
  3 centaur zombies (D:11)
  3 kobold demonologists (D:10)
  2 gargoyles (D:11)
  2 trolls
  2 hornets (D:11)
  5 hippogriffs
  2 wraiths
  2 wyverns
  6 yaks
  A human (D:7)
  3 hogs (D:7)
  The ghost of Vash the Ducker, an amateur MfMo (D:4)
  3 vampire mosquitoes (D:13)
  A hungry ghost (D:11)
  Menkaure (D:5)
  A soldier ant (D:11)
  A water moccasin (D:7)
  A sky beast (D:10)
  18 orc warriors
  A slave (D:7)
  5 ice beasts
  3 necrophages
  4 phantoms
  7 ogres
  A centaur (D:10)
  A crocodile (D:11)
  2 big kobolds
  12 bullfrogs
  A water moccasin zombie (D:7)
  4 scorpions
  A water moccasin skeleton (D:6)
  12 killer bees
  10 wights
  2 howler monkeys
  8 crimson imps
  2 bullfrog zombies
  4 hounds
  3 jellies
  6 bullfrog skeletons
  10 orc priests
  17 orc wizards
  Crazy Yiuf (D:7)
  Jessica (D:2)
  7 iguanas
  Natasha (twice) (D:2)
  7 worker ants
  A killer bee zombie (D:5)
  2 hound skeletons
  A worker ant zombie (D:5)
  7 gnolls
  3 river rats (Sewer)
  10 adders
  2 shadow imps (D:6)
  2 oozes (Sewer)
  An adder skeleton (D:9)
  A worm (D:2)
  A dart slug (D:3)
  8 leopard geckos
  62 orcs
  14 ball pythons
  9 bats
  8 giant cockroaches
  13 goblins
  14 hobgoblins
  10 jackals
  35 kobolds
  6 quokkas
  5 frilled lizards
  A quokka skeleton (D:6)
  A quokka zombie (D:8)
  56 rats
481 creatures vanquished.

Notes
Turn   | Place    | Note
-------+----------+-------------------------------------------
     0 | D:1      | ChaseSP the Gargoyle Earth Elementalist began the quest for the Orb.
     0 | D:1      | Reached XP level 1. HP: 10/10 MP: 3/3
   265 | D:1      | Reached skill level 4 in Earth Magic
   451 | D:1      | Reached XP level 2. HP: 7/15 MP: 5/5
   891 | D:1      | Reached XP level 3. HP: 19/19 MP: 6/6
   893 | D:1      | Reached skill level 5 in Earth Magic
   916 | D:1      | Learned a level 3 spell: Stone Arrow
  1416 | D:2      | Noticed Jessica
  1422 | D:2      | Killed Jessica
  1422 | D:2      | Reached skill level 6 in Earth Magic
  1422 | D:2      | Reached XP level 4. HP: 18/24 MP: 3/7
  1494 | D:2      | Noticed Natasha
  1497 | D:2      | Killed Natasha
  1691 | D:2      | Noticed Natasha
  1691 | D:2      | Reached XP level 5. HP: 28/28 MP: 8/8
  1706 | D:2      | Killed Natasha
  1706 | D:2      | Reached skill level 1 in Conjurations
  1739 | D:2      | Found a shattered altar of Ashenzari.
  1743 | D:2      | Saw a vision of the Shoals and the Spider Nest.
  1743 | D:2      | Noticed a wolf spider
  1743 | D:2      | Noticed a redback
  1743 | D:2      | Noticed a wolf spider
  1743 | D:2      | Noticed a merfolk
  1743 | D:2      | Noticed a merfolk siren
  1743 | D:2      | Noticed a redback
  1743 | D:2      | Noticed a merfolk
  1743 | D:2      | Noticed a redback
  1743 | D:2      | Noticed a wolf spider
  1747 | D:2      | Noticed a merfolk siren
  1931 | D:3      | Reached skill level 7 in Earth Magic
  2086 | D:3      | Found a faded altar of an unknown god.
  2405 | D:3      | Reached XP level 6. HP: 12/32 MP: 6/9
  2779 | D:3      | Reached skill level 8 in Earth Magic
  2855 | D:3      | Reached XP level 7. HP: 35/36 MP: 4/10
  3191 | D:4      | Learned a level 5 spell: Lee's Rapid Deconstruction
  3198 | D:4      | Found Ifaoxiu's Magic Scroll Boutique.
  3380 | D:4      | Reached skill level 1 in Armour
  3710 | D:4      | Reached skill level 9 in Earth Magic
  3740 | D:4      | Noticed Vash's ghost (amateur MfMo)
  3746 | D:4      | Killed Vash's ghost
  4047 | D:5      | Entered Level 5 of the Dungeon
  4062 | D:5      | Found Wemuiqur's Book Shoppe.
  4272 | D:5      | Noticed Menkaure
  4274 | D:5      | Found Soykkyg's Armour Shoppe.
  4278 | D:5      | Killed Menkaure
  4278 | D:5      | Reached skill level 10 in Earth Magic
  4278 | D:5      | Reached XP level 8. HP: 41/41 MP: 7/11
  4411 | D:5      | Found a glowing drain.
  4424 | Sewer    | Entered a sewer
  5527 | D:6      | Reached skill level 11 in Earth Magic
  5871 | D:6      | Reached XP level 9. HP: 24/45 MP: 7/12
  6161 | D:6      | Reached skill level 1 in Fighting
  6342 | D:7      | Reached skill level 5 in Conjurations
  6540 | D:7      | Found a staircase to the Ecumenical Temple.
  6585 | Temple   | Entered the Ecumenical Temple
  6663 | Temple   | Became a worshipper of Sif Muna the Loreminder
  6865 | D:7      | Reached skill level 12 in Earth Magic
  7303 | D:7      | Reached XP level 10. HP: 49/56 MP: 13/13
  7314 | D:7      | Reached * piety under Sif Muna
  7458 | D:7      | Found a runed door.
  7462 | D:7      | Noticed Crazy Yiuf
  7480 | D:7      | Killed Crazy Yiuf
  7528 | D:8      | Noticed Pikel
  7551 | D:8      | Killed Pikel
  8201 | D:9      | Noticed Yackwabbit's ghost (novice FoFi)
  8227 | D:9      | Killed Yackwabbit's ghost
  8499 | D:9      | Reached skill level 5 in Fighting
  8582 | D:9      | Reached ** piety under Sif Muna
  8637 | D:9      | Reached skill level 13 in Earth Magic
  8691 | D:9      | Reached skill level 5 in Armour
  8996 | D:9      | Found a staircase to the Orcish Mines.
  9089 | D:10     | Entered Level 10 of the Dungeon
  9100 | D:10     | Found a white marble altar of Elyvilon.
  9127 | D:10     | Noticed a cyclops
  9145 | D:10     | Killed a cyclops
  9145 | D:10     | Reached skill level 1 in Long Blades
  9145 | D:10     | Reached XP level 11. HP: 43/63 MP: 9/14
  9200 | D:10     | Noticed Xelif's ghost (novice TrAs)
  9218 | D:10     | Killed Xelif's ghost
  9951 | D:10     | Noticed Nergalle
  9956 | D:10     | Killed Nergalle
  9956 | D:10     | Reached *** piety under Sif Muna
  9956 | D:10     | Reached skill level 14 in Earth Magic
 10466 | D:5      | Bought a book of Power for 630 gold pieces
 10473 | D:5      | Learned a level 5 spell: Bolt of Magma
 10577 | Orc:1    | Entered Level 1 of the Orcish Mines
 10637 | Orc:1    | Noticed a cyclops
 10647 | Orc:1    | Killed a cyclops
 10647 | Orc:1    | Reached skill level 1 in Fire Magic
 10720 | Orc:1    | Found Puecen's Assorted Antiques.
 11142 | Orc:2    | Entered Level 2 of the Orcish Mines
 11306 | D:11     | Noticed a two-headed ogre
 11307 | D:11     | Noticed steakbbq's ghost (journeyman MiFi)
 11318 | D:11     | Killed a two-headed ogre
 11809 | D:11     | Found a staircase to the Lair.
 11953 | D:11     | Reached **** piety under Sif Muna
 11953 | D:11     | Reached XP level 12. HP: 65/68 MP: 16/16
 12083 | D:11     | Noticed a two-headed ogre
 12113 | D:11     | Killed a two-headed ogre
 12253 | D:11     | Reached skill level 5 in Fire Magic
 12510 | D:11     | Reached skill level 1 in Invocations
 12633 | D:11     | Noticed a two-headed ogre
 12642 | D:11     | Killed a two-headed ogre
 13053 | D:11     | Killed steakbbq's ghost
 13860 | D:12     | Reached skill level 15 in Earth Magic
 14061 | D:12     | Reached ***** piety under Sif Muna
 14078 | D:12     | Identified Unokuhus's Tome of Harmful Heat (Sif Muna gifted it to you on level 12 of the Dungeon)
 14078 | D:12     | Received a gift from Sif Muna
 14323 | D:12     | Noticed a four-headed hydra
 14329 | D:12     | Killed a five-headed hydra
 14834 | Orc:1    | Bought a gnarled runed staff for 348 gold pieces
 14896 | D:9      | Learned a level 6 spell: Iron Shot
 14973 | D:13     | Reached skill level 5 in Spellcasting
 15263 | D:13     | Reached XP level 13. HP: 58/72 MP: 17/20
 15301 | D:13     | Found a flagged portal.
 15309 | Bailey   | Entered a bailey
 15314 | Bailey   | Noticed an orc warlord
 15476 | Bailey   | Found a runed gate.
 15481 | Bailey   | Gained mutation: You are clumsy. (Dex -2) [potion of mutation]
 15481 | Bailey   | Gained mutation: You are very clumsy. (Dex -4) [potion of mutation]
 15481 | Bailey   | Gained mutation: You have sharp fingernails. [potion of mutation]
 15482 | Bailey   | Found a runed gate.
 15483 | Bailey   | Found a runed gate.
 15823 | Bailey   | Slain by an orc warlord

Skill      XL: |  1  2  3  4  5  6  7  8  9 10 11 12 13 |
---------------+----------------------------------------+-----
Earth Magic    | 4 6 7 8 10 11 12 13 14 15 | 15.3
Conjurations   | 1 3 4 6 8 9 |  9.4
Armour         | 2 4 5 7 8 |  8.6
Fighting       | 3 5 |  5.0
Dodging        | 3 4 |  4.4
Long Blades    | 1 3 |  3.2
Fire Magic     | 3 7 |  7.2
Spellcasting   | 3 5 |  5.3
Invocations    | 3 4 |  4.0
Stealth        | |  2.1
Transmutations | |  0.7

Action                   |  1- 3 |  4- 6 |  7- 9 | 10-12 | 13-15 || total
-------------------------+-------+-------+-------+-------+-------++-------
Melee: Hand axe          |   119 |    31 |       |       |       ||   150
       Unarmed           |     5 |       |       |       |       ||     5
       Falchion          |       |   140 |       |       |       ||   140
       Trident           |       |    42 |       |       |       ||    42
       Long sword        |       |     8 |   380 |   806 |    80 ||  1274
 Cast: Sandblast         |     7 |    11 |    43 |    74 |     6 ||   141
       Stone Arrow       |       |     2 |     5 |    59 |    12 ||    78
       Lee's Rapid Decon |       |       |       |    23 |       ||    23
       Bolt of Magma     |       |       |       |     5 |       ||     5
       Iron Shot         |       |       |       |       |     3 ||     3
Invok: Channel Magic     |       |       |       |     1 |       ||     1
Evoke: Wand              |       |       |     1 |     3 |       ||     4
       Phial of floods   |       |       |       |     1 |       ||     1
  Use: Scroll            |     5 |       |     8 |    17 |     7 ||    37
       Potion            |       |       |       |     3 |     3 ||     6
 Stab: Sleeping          |     3 |       |     1 |       |       ||     4
  Eat: Chunk             |     2 |     6 |    11 |    38 |     3 ||    60
       Fruit             |       |       |     6 |     3 |       ||     9
       Royal jelly       |       |       |       |     1 |       ||     1
Armor: Robe              |    19 |       |       |       |       ||    19
       Ring mail         |    70 |   167 |   353 |       |    40 ||   630
       Pearl dragon scal |       |       |    23 |   905 |    48 ||   976
Dodge: Dodged            |    92 |   171 |   350 |   614 |    91 ||  1318
       Rpst.: Falchion   |       |    36 |       |       |       ||    36
       Long sword        |       |     2 |   114 |   198 |    17 ||   331
